 Dungeon Crawl Stone Soup version 0.30-a0-304-gdc4b735fe1 (webtiles) character file.

Game seed: 5702055960681147322

2468 KennySheep the Trooper (level 9, -3/74 (93) HPs)
             Began as an Ogre Wanderer on Oct 21, 2022.
             Was a Priest of Okawaru.
             Slain by a wight
             ... wielding a +0 great sword
              (14 damage)
             ... on level 7 of the Dungeon.
             The game lasted 00:36:40 (9911 turns).

KennySheep the Trooper (Ogre Wanderer)              Turns: 9911, Time: 00:36:40

HP:   -3/74 (93)    AC:  8    Str: 17    XL:     9   Next: 51%
MP:   5/12          EV:  9    Int: 15    God:    Okawaru [***...]
Gold: 199           SH:  0    Dex: 11    Spells: 10/11 levels left

rFire   + . .      SeeInvis .    D - +0 giant club
rCold   x . .      Faith    .    (shield currently unavailable)
rNeg    . . .      Spirit   .    e - +0 acid dragon scales
rPois   .          Reflect  .    b - +1 hat
rElec   .          Harm     .    (no cloak)
rCorr   +          Rampage  .    (gloves unavailable)
Will    .....                    (boots unavailable)
Stlth   +.........               (no amulet)
HPRegen 0.32/turn                A - ring of fire
MPRegen 0.13/turn                y - ring of resist corrosion

@: heavily drained
A: large, unfitting armour, tough skin 1
a: Renounce Religion, Heroism


You were on level 7 of the Dungeon.
You worshipped Okawaru.
Okawaru was most pleased with you.
You visited 1 branch of the dungeon, and saw 7 of its levels.
You also visited: Sewer.

You collected 336 gold pieces.
You spent 137 gold pieces at shops.

Inventory:

Hand Weapons
 s - a +1 quarterstaff of speed
 B - a +0 flail
 D - a +0 giant club (weapon)
Missiles
 p - 44 stones
 q - 18 poisoned darts
 C - 2 throwing nets
 E - 4 boomerangs
Armour
 b - a +1 hat (worn)
 d - a +0 robe
 e - +0 acid dragon scales (worn)
Jewellery
 o - a +6 ring of dexterity
 y - a ring of resist corrosion (right hand)
 A - a ring of fire (left hand)
Scrolls
 f - 4 scrolls of amnesia
 h - 2 scrolls of summoning
 k - a scroll of enchant weapon {unknown}
 l - a scroll of magic mapping
 m - a scroll of silence
 v - 2 scrolls of butterflies
 x - 3 scrolls of enchant armour
 z - 4 scrolls of identify
Potions
 a - a potion of degeneration
 c - 3 potions of flight {unknown}
 g - a potion of brilliance {unknown}
 i - a potion of berserk rage
 j - a potion of magic
 n - 3 potions of ambrosia {unknown}
 r - 2 potions of curing
 t - 3 potions of might
 u - a potion of cancellation {unknown}
 w - a potion of invisibility {unknown}


   Skills:
 + Level 7.1 Fighting
 + Level 4.3(4.6) Maces & Flails
 - Level 2.5(4.0) Staves
 * Level 7.0 Throwing
 + Level 3.6 Armour
 - Level 2.9 Dodging
 - Level 1.8 Spellcasting
 - Level 2.0 Fire Magic
 + Level 5.2 Invocations


You had 10 spell levels left.
You knew the following spells:

 Your Spells              Type           Power      Damage    Failure   Level
a - Foxfire               Conj/Fire      24%        2x1d5     21%         1

Your spell library contained the following spells:

 Spells                   Type           Power      Damage    Failure   Level
 Kiss of Death            Conj/Necr      4%         2d5       30%         1
 Sublimation of Blood     Necr           1%         N/A       41%         2
 Inner Flame              Hex/Fire       6%         N/A       52%         3
 Confusing Touch          Hex            1%         N/A       65%         3
 Dazzling Flash           Conj/Hex       2%         N/A       65%         3
 Gell's Gravitas          Tloc           1%         N/A       65%         3
 Lesser Beckoning         Tloc           2%         N/A       65%         3
 Teleport Other           Tloc           1%         N/A       65%         3
 Cause Fear               Hex            0%         N/A       96%         4
 Dispel Undead            Necr           1%         3d6       96%         4
 Iskenderun's Mystic Bla  Conj/Tloc      1%         2d3       96%         4
 Petrify                  Tmut/Erth      1%         N/A       96%         4
 Borgnjor's Vile Clutch   Necr/Erth      0%         N/A       100%        5
 Irradiate                Conj/Tmut      0%         3d11      100%        5
 Starburst                Conj/Fire      3%         6d3       100%        6
 Discord                  Hex            0%         N/A       100%        8
 Animate Dead             Necr           Unusable   N/A       N/A         4
 Death Channel            Necr           Unusable   N/A       N/A         6

Dungeon Overview and Level Annotations

Branches:
Dungeon (7/15)             Temple (0/1) D:7           Sewer (visited)

Altars:
Okawaru
Trog
Uskayaw
Yredelemnul
The Shining One

Shops:
D:3 *   D:4 =


Innate Abilities, Weirdness & Mutations

You are too large for most types of armour.
You have tough skin. (AC +1)


Message History

The foxfire hits the wight but does no damage.
The wight is lightly damaged.
The wight barely misses you.
You closely miss the wight.
The wight is lightly damaged.
The foxfire hits the wight.
The wight is moderately damaged.
The foxfire hits the wight.
The wight is moderately damaged.
The wight hits you with a +0 great sword!
You bludgeon the wight!!
You destroy the wight!
Okawaru accepts your kill. The wight closely misses you.
You feel a surge of power!
You conjure some foxfire!
The wight hits you with a +0 great sword!
You feel drained.
You feel a surge of power!
You conjure some foxfire!
The foxfire hits the wight.
The wight is moderately damaged.
The foxfire hits the wight but does no damage.
The wight is moderately damaged.
The wight hits you with a +0 great sword.
* * * LOW HITPOINT WARNING * * *
Your magical contamination has completely faded away.
You hit the wight but do no damage.
The wight is moderately damaged.
The foxfire hits the wight.
The wight is severely damaged.
The foxfire hits the wight but does no damage.
The wight is severely damaged.
The wight hits you with a +0 great sword.
* * * LOW HITPOINT WARNING * * *
You feel drained.
The wight hits you with a +0 great sword!
* * * LOW HITPOINT WARNING * * *
You feel drained.
You feel a surge of power!
You conjure some foxfire!
The wight hits you with a +0 great sword!
You die...

### # #.. .. #.#####..##
#####.#.........#
#....v.).....##.# ##
#....v@z........ .#
#....ยง........# .#
#####'#.).....# .#
#######.##......### .#
#..........)....... ##
#.#####.##......###
#######.#####.###.....<.#
###...........#.......#####
#...#####.......###........


You could see a wight (ally target).

Vanquished Creatures
  Pikel (D:7)
  Joseph (D:7)
  Grinder (D:3)
  A sky beast (D:7)
  An ogre (D:6)
  2 phantoms
  2 lemures (D:7)
  2 kobold brigands (Sewer)
  2 wights (D:7)
  A howler monkey (D:6)
  6 hounds
  2 jellies
  An orc priest (D:4)
  Jessica (D:3)
  5 iguanas
  Ijyb (D:5)
  An orc wizard (D:6)
  A howler monkey zombie (D:3)
  7 gnolls
  14 adders
  5 river rats (D:3)
  2 adder zombies (D:3)
  An adder skeleton (D:3)
  2 worms
  3 dart slugs (D:1)
  26 orcs
  3 endoplasms
  A giant cockroach (D:1)
  6 goblins
  6 hobgoblins
  4 jackals (Sewer)
  15 kobolds
  5 quokkas
  15 ball pythons
  7 bats
  7 frilled lizards
  A quokka skeleton (D:3)
  A quokka zombie (D:3)
  14 rats
177 creatures vanquished.

Vanquished Creatures (collateral kills)
  21 foxfires (Sewer)
21 creatures vanquished.

Vanquished Creatures (others)
  472 foxfires
  4 plants (Sewer)
  2 withered plants (D:3)
478 creatures vanquished.

Grand Total: 676 creatures vanquished

Notes
Turn   | Place    | Note
-------+----------+-------------------------------------------
     0 | D:1      | KennySheep the Ogre Wanderer began the quest for the Orb.
     0 | D:1      | KennySheep set off with the following items: a +0 vorpal
                  | quarterstaff, a +0 hat, a scroll of blinking, a +0 robe;
                  | and the following spell memorised: Foxfire; and the
                  | following spells available to memorise: Inner Flame.
     0 | D:1      | Reached XP level 1. HP: 22/22 MP: 2/2
    41 | D:1      | Reached XP level 2. HP: 12/29 MP: 0/4
   611 | D:1      | Reached XP level 3. HP: 33/37 MP: 3/5
  1008 | D:2      | Found an iron altar of Okawaru.
  1019 | D:2      | Became a worshipper of Warmaster Okawaru
  1733 | D:2      | Reached XP level 4. HP: 44/45 MP: 3/6
  1737 | D:2      | Reached skill level 1 in Throwing
  2645 | D:3      | Found Mafez's General Store.
  2650 | D:3      | Reached skill level 1 in Invocations
  2663 | D:3      | Bought a scroll of fear for 44 gold pieces
  2663 | D:3      | Bought a potion of magic for 88 gold pieces
  2787 | D:3      | Reached skill level 1 in Maces & Flails
  2818 | D:3      | Reached XP level 5. HP: 34/54 MP: 4/7
  2829 | D:3      | Found a glowing drain.
  2839 | Sewer    | Entered a sewer
  3038 | Sewer    | Noticed a kobold brigand
  3049 | Sewer    | Killed a kobold brigand
  3050 | Sewer    | Reached skill level 1 in Armour
  3050 | Sewer    | Reached XP level 6. HP: 62/62 MP: 0/8
  4053 | D:3      | Noticed Grinder
  4063 | D:3      | Noticed Jessica
  4187 | D:3      | Paralysed by Grinder for 3 turns
  4283 | D:3      | Killed Jessica
  4418 | D:3      | Killed Grinder
  4419 | D:3      | Reached XP level 7. HP: 50/71 MP: 0/9
  4667 | D:3      | Bought 5 stones for 5 gold pieces
  4716 | D:3      | Reached skill level 5 in Fighting
  5246 | D:4      | Reached * piety under Okawaru
  5432 | D:4      | Found a bloodstained altar of Trog.
  5432 | D:4      | Found a hide-covered altar of Uskayaw.
  5565 | D:5      | Entered Level 5 of the Dungeon
  5740 | D:5      | Reached XP level 8. HP: 12/80 MP: 1/10
  6261 | D:5      | Noticed Ijyb
  6284 | D:5      | Killed Ijyb
  6605 | D:5      | Reached skill level 5 in Throwing
  7403 | D:4      | Found a glowing golden altar of the Shining One.
  7404 | D:4      | Found a basalt altar of Yredelemnul.
  7452 | D:4      | Found Fokkeox's Jewellery Boutique.
  8507 | D:6      | HP: 4/83 [something (2)]
  9002 | D:7      | Noticed Pikel
  9022 | D:7      | Killed Pikel
  9022 | D:7      | Reached ** piety under Okawaru
  9023 | D:7      | Reached XP level 9. HP: 51/92 MP: 12/12
  9401 | D:7      | Found a staircase to the Ecumenical Temple.
  9638 | D:7      | Noticed Joseph
  9647 | D:7      | Killed Joseph
  9647 | D:7      | Reached *** piety under Okawaru
  9648 | D:7      | Reached skill level 5 in Invocations
  9911 | D:7      | Slain by a wight

Illustrated notes

Levels and vault maps discovered:
D:1:      dpeg_arrival_arbitrary_b, layout_basic
D:2:      layout_basic, basic_altar
D:3:      layout_basic, lightli_sewer_entry_pipes, serial_shops, shop,
          serial_undead, serial_undead_e, serial_undead_c, serial_undead_e,
          serial_undead_a, serial_undead_e, uniq_jessica, uniq_grinder
D:4:      layout_loops_cross, chequers_temple_overflow_statue_of_worship,
          serial_shops, nicolae_lakefront_shop
D:5:      layout_loops_cross, kennysheep_diamond, st_stairs_14, uniq_ijyb
D:6:      layout_cave_pools, nicolae_sextant, kennysheep_generic_room_5
D:7:      nicolae_cairo_tiling, layout_basic,
          minmay_temple_entry_statues_fountains, serial_shops, shop_statue,
          nrook_mini_vaults, lightli_corner_chamber, uniq_pikel, uniq_joseph

Skill      XL: |  1  2  3  4  5  6  7  8  9 |
---------------+----------------------------+-----
Fighting       | 3 4 5 6 7 |  7.1
Fire Magic     | 2 |  2.0
Throwing       | 1 2 3 4 6 7 |  7.0
Invocations    | 1 2 3 4 5 |  5.2
Maces & Flails | 1 2 3 4 |  4.3
Armour         | 1 2 3 |  3.6
Staves         | |  2.5
Dodging        | |  2.9
Spellcasting   | |  1.8

Action                   |  1- 3 |  4- 6 |  7- 9 || total
-------------------------+-------+-------+-------++-------
Melee: Quarterstaff      |    43 |    88 |   144 ||   275
       Giant club        |       |       |    95 ||    95
 Cast: Foxfire           |    49 |    98 |   154 ||   301
Invok: Heroism           |       |       |     1 ||     1
  Use: Scroll            |     1 |     8 |     7 ||    16
       Potion            |     1 |     1 |     6 ||     8
 Stab: Sleeping          |     1 |       |       ||     1
Armor: Robe              |    23 |     6 |       ||    29
       Acid dragon scale |       |    68 |   157 ||   225
       Skin              |       |     6 |       ||     6
Dodge: Dodged            |    33 |    79 |   169 ||   281

Table legend: (Time is in decaauts)
 A = Elapsed time spent in this place.
 B = Non-inter-level travel time spent in this place.
 C = Inter-level travel time spent in this place.
 D = Time resting spent in this place.
 E = Time spent auto-exploring this place.
 F = Levels seen in this place.
 G = Mean time per level.
                   A        B        C        D        E       F      G
               +--------+--------+--------+--------+--------+-----+--------+
         Total |  10062 |   9450 |    612 |   2183 |   5632 |   8 | 1257.8 |
       Dungeon |   8834 |   8222 |    612 |   1963 |   4771 |   7 | 1262.0 |
         Sewer |   1227 |   1227 |      0 |    220 |    860 |   1 | 1227.0 |
               +--------+--------+--------+--------+--------+-----+--------+

Top non-repeatable levels by time:
     D:5: 1961 daAuts
     D:2: 1554 daAuts
     D:3: 1332 daAuts
   Sewer: 1227 daAuts
     D:4: 1144 daAuts
     D:7: 1090 daAuts
     D:1: 1012 daAuts
     D:6: 737 daAuts
